[Event "*** Titled Tuesday 3|2 Blitz (Late)"]
[Site "Chess.com"]
[Date "2016.11.01"]
[Round "9"]
[White "Scott-fox21"]
[Black "Jahonas"]
[Result "0-1"]
[WhiteElo "2162"]
[BlackElo "2156"]
[TimeControl "180+2"]
[EndTime "19:00:32 PDT"]
[Termination "Jahonas won by checkmate"]

1. d4 e6 2. c4 Nf6 3. Nc3 d5 4. Bg5 Be7 5. e3 h6 6. Bh4 c6 7. Bd3 Ne4 8. Bxe7 Nxc3 9. bxc3 Qxe7 10. Ne2 O-O 11. O-O b6 12. cxd5 exd5 13. Ng3 Be6 14.
f4 f5 15. Qc2 Qf7 16. Rac1 b5 17. a4 a6 18. Qa2 Nd7 19. a5 g6 20. Qa3 Nf6 21. Qd6 Qd7 22. Qxd7 Bxd7 23. Ne2 Ne4 24. Bxe4 dxe4 25. c4 Be6 26. cxb5 cxb5 27. Rc6 Kf7 28. Rfc1 Bc4 29. Rc7+ Kf6 30. Rc6+ Kg7 31. Ng3 Rfc8 32.
Rb6 Bd3 33. Rcc6 Rxc6 34. Rxc6 b4 35. Rb6 Bb5 36. d5 b3 37. Nf1 Rc8 38. Nd2 Rc1+ 39. Kf2 b2 40. Kg3 Rd1 41. Rb7+ Kf8 42. Rb8+ Ke7 43.
d6+ Kd7 44. Rb7+ Kxd6 45. Nc4+ Bxc4 46. Rxb2 Bb5 47. Rc2 Rd3 48. Kf2 Ra3 49. Rc8 Rxa5 50. Rg8 Ra2+ 51. Kg3 Bf1 52. Rxg6+ Kd5 53. Kh3 Rxg2 54.
Rxg2 Bxg2+ 55. Kh4 a5 56. Kh5 a4 57. h4 a3 58. Kg6 Bf3 59. h5 Bxh5+ 60. Kh7 Ke6 61.
Kh8 Bg6 62. Kg8 Ke7 63. Kh8 a2 64. Kg8 h5 65. Kg7 a1=Q+ 66. Kg8 Qa8+ 67. Kg7 Qf8+ 68. Kxg6 Qf6+ 69. Kxh5 Qg7 70. Kh4 Qg4# 0-1

[Event "*** Titled Tuesday 3|2 Blitz (Late)"]
[Site "Chess.com"]
[Date "2016.11.01"]
[Round "9"]
[White "popov_m"]
[Black "Fandorine"]
[Result "0-1"]
[WhiteElo "2312"]
[BlackElo "2639"]
[TimeControl "180+2"]
[EndTime "19:01:25 PDT"]
[Termination "Fandorine won by resignation"]

1. c4 e5 2. g3 c6 3. Bg2 Nf6 4.
d4 exd4 5. Qxd4 d5 6. Nf3 Be6 7. O-O dxc4 8. Qxd8+ Kxd8 9. Ng5 Nbd7 10. Nxe6+ fxe6 11. Nd2 Nb6 12. a4 a5 13. Nf3 Bc5 14. Bg5 Ke7 15.
Rfc1 Rhd8 16. Ne5 h6 17. Bxf6+ gxf6 18. Nxc4 Rd4 19. b3 Nxc4 20. bxc4 Rad8 21. Rab1 Bb4 22.
Bf3 Rd2 23. Ra1 f5 24. Kg2 R8d4 25. Bh5 Kf6 26. Bf3 e5 27. h4 e4 28. Bh5 Rd7 29. Rcb1 Rg7 30. Rc1 f4 31. Rd1 Rc2 32. Rd4 Ke5 33.
Rad1 Bc5 34. Rd8 f3+ 35. exf3 exf3+ 36. Kh3 Rxf2 37. Re1+ Re2 38. Rxe2+ fxe2 39. Bxe2 Bf2 40. g4 Bb6 41. Re8+ Kd4 42. Bf3 Kxc4 43. g5 hxg5 44.
h5 Kb4 45. Kg4 Kxa4 46. h6 Rh7 47.
Re6 Bc7 48. Be4 Rh8 49. h7 Bb6 50. Re7 Bd4 51. Rxb7 c5 52. Bd5 Ka3 53. Kxg5 a4 54. Kg6 Rd8 55. Bc6 Rd6+ 56. Kf5 Rxc6 0-1

[Event "*** Titled Tuesday 3|2 Blitz (Late)"]
[Site "Chess.com"]
[Date "2016.11.01"]
[Round "9"]
[White "Gabrielian_Artur"]
[Black "Abrito99"]
[Result "1-0"]
[WhiteElo "2568"]
[BlackElo "2365"]
[TimeControl "180+2"]
[EndTime "19:01:29 PDT"]
[Termination "Gabrielian_Artur won by resignation"]

1. e4 e6 2. d4 d5 3. Bd3 dxe4 4. Bxe4 Nf6 5. Bf3 Nbd7 6. Ne2 e5 7. Nbc3 Bd6 8. Bg5 O-O 9. O-O h6 10. Bxf6 Nxf6 11.
dxe5 Bxe5 12. Qxd8 Rxd8 13. Rad1 Bf5 14. Bxb7 Rxd1 15.
Nxd1 Rb8 16. Ba6 Bxb2 17. Ne3 Be6 18. Bc4 Bxc4 19. Nxc4 Rb4 20. Rb1 Rxc4 21. Rxb2 Nd5 22. Kf1 Nb4 23. c3 Nd5 24. Ke1 Kf8 25. Kd2 Ke7 26. Rb5 Nb6 27. Re5+ Kd7 28. Nc1 Rg4 29. Rf5 Ke6 30. Rf3 Rxg2 31. h3 Nc4+ 32. Ke2 Rg1 33.
Nb3 Rb1 34. Nd4+ Ke7 35. Nf5+ Kf8 36. Rd3 Rb2+ 37. Ke1 f6 38. Rd7 Rxa2 39. Nxg7 Ne5 40. Rxc7 Nd3+ 41. Kf1 Rxf2+ 42. Kg1 Ra2 43. Ne6+ Ke8 44.
c4 a5 45. c5 a4 46. c6 Rc2 47. Nd4 Rc4 48. Nb5 Ne5 49. Rc8+ Ke7 50. c7 Nf7 51. Ra8 Kd7 52. Ra7 Kc8 53. Ra8+ Kd7 54. Rf8 Ke7 55. c8=Q Rxc8 56. Rxc8 Ne5 57. Ra8 1-0

[Event "*** Titled Tuesday 3|2 Blitz (Late)"]
[Site "Chess.com"]
[Date "2016.11.01"]
[Round "9"]
[White "Kubas1010"]
[Black "psv98"]
[Result "1-0"]
[WhiteElo "2439"]
[BlackElo "2597"]
[TimeControl "180+2"]
[EndTime "19:01:57 PDT"]
[Termination "Kubas1010 won by checkmate"]

1. e4 a6 2. d4 b5 3. Bd3 Bb7 4. Nf3 e6 5. O-O Nf6 6. Re1 Be7 7. c3 d5 8. e5 Nfd7 9. a4 c5 10. dxc5 Nxc5 11. axb5 Nxd3 12. Qxd3 O-O 13. Be3 axb5 14.
Rxa8 Bxa8 15. Qxb5 Nc6 16. Nbd2 Qc7 17. Qb6 Qd7 18. b4 Rb8 19. Qa6 d4 20. Nxd4 Nxd4 21. Bxd4 Bxb4 22. Rb1 Qd5 23. Qf1 Rb7 24. Nc4 Bc5 25.
Rxb7 Bxb7 26. Ne3 Qc6 27. Qc4 Bxd4 28. Qxc6 Bxc6 29. cxd4 f6 30. f4 Kf7 31. Kf2 h6 32. g4 g5 33. Kg3 Be4 34. Nc4 Bd5 35. Nd6+ Ke7 36. h4 Bc6 37. fxg5 fxg5 38. Nc4 Be4 39.
Nd2 Bd5 40. hxg5 hxg5 41. Nf3 Kf7 42. Nxg5+ Kg6 43. Kf4 Bc4 44. Nf3 Bd5 45. Nh4+ Kh6 46. Nf3 Kg6 47. Nd2 Kh6 48. Nf1 Kg6 49. Ne3 Bb3 50. Nf1 Bc4 51. Nd2 Bd5 52. Kg3 Kg5 53. Nf3+ Kg6 54. Kf4 Bc4 55. Ng5 Bd5 56. Ne4 Bc4 57.
Nf6 Bb3 58. Ke3 Kg5 59. Kd3 Bd1 60. Kc4 Kf4 61. Kc5 Bb3 62. Kd6 Kg5 63. Ne4+ Kxg4 64. Nc5 Ba2 65. Nxe6 Kf5 66. Nc5 Kf4 67. e6 Ke3 68. d5 Kd4 69. e7 Bxd5 70. e8=Q Be4 71. Qxe4+ Kc3 72. Qd3+ Kb2 73. Qb3+ Kc1 74. Qa2 Kd1 75.
Ne4 Kc1 76. Kd5 Kd1 77. Qd2# 1-0

[Event "*** Titled Tuesday 3|2 Blitz (Late)"]
[Site "Chess.com"]
[Date "2016.11.01"]
[Round "9"]
[White "Alexander_Moskalenko"]
[Black "Izoria123"]
[Result "1/2-1/2"]
[WhiteElo "2664"]
[BlackElo "2589"]
[TimeControl "180+2"]
[EndTime "19:02:36 PDT"]
[Termination "Game drawn by repetition"]

1. d4 Nf6 2. Bf4 c5 3. e3 Qb6 4. Nc3 cxd4 5. exd4 d6 6. Nf3 g6 7. Bb5+ Bd7 8. a4 a6 9. a5 Qd8 10. Bxd7+ Nbxd7 11. O-O Bg7 12. Re1 O-O 13. Qd2 Re8 14. Bh6 Rc8 15. Bxg7 Kxg7 16. h3 Rc4 17. Nd1 e6 18.
Ne3 Rc8 19. c4 d5 20. c5 Nb8 21. b4 Nc6 22. Ng4 Nxg4 23. hxg4 h6 24. Ne5 Na7 25.
Re3 f6 26. Nd3 g5 27. Rae1 Qd7 28. f4 Nb5 29. Nf2 gxf4 30. Rh3 e5 31. g3 Nxd4 32.
gxf4 Ne6 33. fxe5 Ng5 34. exf6+ Kf7 35. Rhe3 Rxe3 36. Qxe3 Re8 37. Qxe8+ Qxe8 38. Rxe8 Kxe8 39. b5 axb5 40. c6 bxc6 41. a6 Ne6 42. a7 Nc7 43.
Nd3 Kf7 44. Kf2 Kxf6 45. Nb4 Ke5 46. Nxc6+ Ke4 47. Ke2 d4 48. Nb4 Na8 49. Kd2 Kf4 50.
Kd3 Kxg4 51. Kxd4 h5 52. Kc5 h4 53. Nd5 h3 54. Ne3+ Kf3 55. Nf1 Kf2 56. Nh2 Kg3 57. Nf1+ Kf2 58. Nh2 Kg2 59. Ng4 Kg3 60. Ne3 Kf3 61.
Nf1 b4 62. Kxb4 Kg2 63. Ne3+ Kf2 64. Ng4+ Kf3 65. Nh2+ Kf2 66. Kc5 Kg2 67. Ng4 Kg3 68. Ne3 Kf3 69. Nf1 Kf2 70. Nh2 Kg2 71. Ng4 Kg3 72.
Ne3 Kf3 73. Nf1 Kf2 74. Nh2 Kg2 75. Ng4 Kf3 76. Nh2+ Kg3 77. Nf1+ Kg2 78. Ne3+ Kf2 79. Ng4+ Kg3 80. Ne3 Kf2 81. Ng4+ Kf3 82. Nh2+ Kg3 83. Nf1+ Kf2 84. Nh2 Kg2 85. Ng4 Kg3 86. Ne3 Kf3 87.
Nf1 Kf2 88. Nh2 1/2-1/2

[Event "*** Titled Tuesday 3|2 Blitz (Late)"]
[Site "Chess.com"]
[Date "2016.11.01"]
[Round "9"]
[White "jposthuma"]
[Black "KingFlorida"]
[Result "0-1"]
[WhiteElo "2179"]
[BlackElo "2297"]
[TimeControl "180+2"]
[EndTime "19:02:47 PDT"]
[Termination "KingFlorida won by resignation"]

1. d4 Nf6 2. c4 e5 3. dxe5 Ng4 4.
Bf4 Nc6 5. Nf3 Bb4+ 6. Nbd2 Qe7 7. a3 Bxd2+ 8. Qxd2 Ngxe5 9. Nxe5 Nxe5 10. e3 d6 11.
Be2 O-O 12. O-O b6 13. b4 Bb7 14.
Qc3 f6 15. c5 dxc5 16. bxc5 Rad8 17. cxb6 axb6 18. Rac1 Rd7 19. Rfd1 Rfd8 20. Rxd7 Rxd7 21. Bxe5 Qxe5 22. Qb3+ Kh8 23. h3 h5 24. Qc3 Qg5 25. Bf1 Be4 26. Qb4 Qe5 27. Qf8+ Kh7 28. Qc8 Re7 29. Qa6 g5 30. Qe2 Kh6 31. Qd2 g4 32.
hxg4 hxg4 33. g3 Kg6 34. Bg2 Bxg2 35. Kxg2 Qe4+ 36. Kf1 Rh7 37. Qc2 Kf5 38. Ke2 Qxc2+ 39. Rxc2 Ke5 40. Rc6 f5 41. Kd3 Rd7+ 42. Ke2 Kd5 43.
Rf6 Ke5 44. Rc6 Rf7 45. a4 Kd5 46. Rc2 c5 47. Kd3 Ra7 48. Rb2 Kc6 49. Ra2 Re7 50. Kc4 Re4+ 51. Kc3 Rb4 52. a5 bxa5 53. Rxa5 Kd5 54. Kd3 Rb3+ 55. Ke2 Rb2+ 56. Ke1 Rc2 57. Ra8 Ke4 58. Rf8 c4 59. Re8+ Kf3 60. Re5 Re2+ 61.
Kd1 Rxf2 62. Rxf5+ Kxe3 63. Rc5 Kf3 64. Rxc4 Kxg3 65.
Ke1 Rf8 66. Rc3+ Kh2 67. Rc4 g3 68. Rh4+ Kg1 69. Rh3 g2 70. Ke2 Re8+ 71. Kd2 Kf2 72. Rh2 Kf1 73. Rh8 Rxh8 0-1

[Event "*** Titled Tuesday 3|2 Blitz (Late)"]
[Site "Chess.com"]
[Date "2016.11.01"]
[Round "9"]
[White "SwiftyMcBishop"]
[Black "hardingstoptry"]
[Result "0-1"]
[WhiteElo "2119"]
[BlackElo "2569"]
[TimeControl "180+2"]
[EndTime "19:04:05 PDT"]
[Termination "hardingstoptry won by resignation"]

1. e4 e5 2. Nf3 d6 3. d4 Nf6 4.
dxe5 Nxe4 5. Bd3 Nc5 6. O-O Be7 7. exd6 Qxd6 8. Re1 O-O 9. Nc3 Re8 10. Nb5 Qd8 11. Bxh7+ Kxh7 12. Qxd8 Rxd8 13. Rxe7 Rd1+ 14. Re1 Rxe1+ 15. Nxe1 Ne6 16. Nd3 Nc6 17. Nf4 Ncd8 18. Be3 Bd7 19. Nxe6 Nxe6 20. Nd4 Kg6 21. Nf3 Kf5 22.
Rd1 Bc6 23. Nd4+ Nxd4 24. Rxd4 Re8 25. Rf4+ Kg6 26. h3 a6 27. Rg4+ Kh7 28. Bd4 f6 29. Be3 Kg8 30. Kh2 Kf7 31. Rd4 b5 32. Rd2 g5 33. Rd3 Ke6 34. Rc3 Kd6 35. Bc5+ Kd5 36. Be3 a5 37. Rd3+ Ke6 38. Bd4 b4 39. Re3+ Kf7 40.
Rxe8 Bxe8 41. Kg3 Kg6 42. a3 Kf5 43. f3 Ke6 44. Kg4 Bg6 45. c3 bxa3 46. bxa3 Bf5+ 47.
Kh5 Kf7 48. Kh6 a4 49. Kh5 Bg6+ 50. Kh6 Bf5 51. Be3 Bd3 52. g3 Bf1 53. h4 gxh4 54. gxh4 Be2 55. f4 Ke6 56. Kg6 Bd3+ 57. Kh6 Kf5 58. h5 Be2 59. Bd2 c6 60. Be3 Bf3 61.
Bd4 Be2 62. Be3 Bf3 63. Bd4 Bg4 64. Kg7 Bxh5 65. Bxf6 Kxf4 66. Kf8 Ke4 67. Be7 Kd3 68. Bf6 Kc4 69. Ke7 Kb3 70. Kd6 Bf3 71. Kc5 Kxa3 72. c4 Kb3 73. Kd4 a3 74. Kc5 a2 75.
Be5 Kc2 76. Kb4 Kb1 77. Kb3 a1=Q 78. Bxa1 Kxa1 79. Ka3 Bd1 80. Kb4 Kb2 81. Kc5 Bf3 82. Kb4 Kc2 83. Kc5 Kc3 84. Kd6 Kxc4 85. Ke5 Kd3 86.
Kf4 c5 87. Kxf3 c4 88. Kf2 Kd2 89. Kf3 c3 90. Ke4 c2 91. Ke5 c1=Q 92. Ke6 Qc5 0-1